 Dungeon Crawl Stone Soup version 0.28-a0-477-g0b43c73ce0 (webtiles) character file.

Game seed: 2348056798512242021

123 Dabor the Skirmisher (level 4, -8/37 HPs)
             Began as a Demonspawn Berserker on Sept 17, 2021.
             Was a Follower of Trog.
             Mangled by a black bear (10 damage)
             ... on level 3 of the Dungeon.
             The game lasted 00:02:55 (2722 turns).

Dabor the Skirmisher (Demonspawn Berserker)         Turns: 2722, Time: 00:02:56

Health: -8/37      AC: 12    Str: 18    XL:     4   Next: 79%
Magic:  4/4        EV:  6    Int:  9    God:    Trog [*.....]
Gold:   51         SH:  0    Dex: 12    Spells: 3/3 levels left

rFire   . . .      SeeInvis .   a - +0 hand axe
rCold   . . .      Faith    .   (no shield)
rNeg    . . .      Spirit   .   e - +0 plate armour
rPois   .          Reflect  .   (no helmet)
rElec   .          Harm     .   d - +0 cloak
rCorr   .          Rampage  .   (no gloves)
Will    ++...                   (no boots)
Stlth   ..........              (no amulet)
HPRegen 1.12/turn               (no ring)
MPRegen 0.09/turn               (no ring)

@: strong-willed, regenerating
A: powered by pain 1
a: Renounce Religion, Berserk


You were on level 3 of the Dungeon.
You worshipped Trog.
Trog was aware of your devotion.
You visited 1 branch of the dungeon, and saw 3 of its levels.

You collected 51 gold pieces.

Inventory:

Hand Weapons
 a - a +0 hand axe (weapon)
Missiles
 b - 21 poisoned darts (quivered)
 l - 3 boomerangs
Armour
 d - a +0 cloak (worn)
 e - a +0 plate armour (worn)
Jewellery
 f - a ring of fire
Scrolls
 k - a scroll of holy word {unknown}
Potions
 c - a potion of might {unknown}
 g - a potion of cancellation
 h - a potion of curing
 i - a potion of degeneration {unknown}
 j - a potion of invisibility {unknown}
 m - a potion of heal wounds {unknown}


   Skills:
 + Level 3.7 Fighting
 * Level 3.4 Axes
 + Level 0.2 Throwing
 + Level 2.7 Armour
 + Level 2.6 Dodging


You had 3 spell levels left.
You didn't know any spells.
Your spell library was empty.

Dungeon Overview and Level Annotations

Branches:
Dungeon (3/15)

Altars:
Ru


Innate Abilities, Weirdness & Mutations

You sometimes gain a little power by taking damage.


Message History

The black bear is moderately wounded.
The black bear bites you but does no damage.
The black bear barely misses you.
The black bear claws you but does no damage.
A black bear is nearby!
You hit the black bear.
The black bear is heavily wounded.
The black bear bites you but does no damage.
The black bear barely misses you. The black bear claws you.
You hit the black bear.
The black bear is severely wounded.
The black bear bites you. The black bear claws you.
The black bear claws you but does no damage.
The black bear barely misses you. The black bear closely misses you.
The black bear claws you.
You hit the black bear.
The black bear is severely wounded.
The black bear goes berserk!
You barely miss the black bear.
The black bear is severely wounded.
The black bear closely misses you. The black bear claws you.
The black bear claws you but does no damage.
You hit the black bear.
The black bear is severely wounded.
The black bear bites you but does no damage.
The black bear claws you but does no damage.
The black bear claws you.
* * * LOW HITPOINT WARNING * * *
The black bear barely misses you. The black bear claws you.
* * * LOW HITPOINT WARNING * * *
The black bear claws you.
* * * LOW HITPOINT WARNING * * *
Your skin crawls.
You feel strong-willed.
You can no longer call upon Trog for regeneration and willpower.
The black bear bites you.
* * * LOW HITPOINT WARNING * * *
The black bear claws you but does no damage.
The black bear barely misses you. The black bear bites you!
You die...

######### #..)....#
#.#####.# ### ###
#.#####.## #.. ..#
#.##.....# #.# #.#
#.#..##..###.## ##.####
#.†#.......#.##. .....#
#........#.#h##.##.##.#
###.#.##.#.#@#...#.##.###
#.#.##................#
#.#.####.###...#.##.#.#
###.#.####.#######.##.#.#
#...............##.##...#
#(#.##.####.........###.#
#.#.##.# #.....##......#
#.#..#.# #.....###.###.#
#.##.#.# #......##.# #.#


You could see a black bear (berserk).

Vanquished Creatures
  An orc priest (D:3)
  An orc wizard (D:3)
  An adder (D:2)
  7 orcs (D:3)
  4 ball pythons
  5 endoplasms
  3 giant cockroaches
  4 hobgoblins
  2 jackals (D:3)
  6 kobolds
  5 quokkas
  5 bats
  2 frilled lizards (D:2)
  3 goblins
  4 rats
53 creatures vanquished.

Notes
Turn   | Place    | Note
-------+----------+-------------------------------------------
     0 | D:1      | Dabor the Demonspawn Berserker began the quest for the Orb.
     0 | D:1      | Reached XP level 1. HP: 18/18 MP: 1/1
   290 | D:1      | Gained mutation: You sometimes gain a little power by
                  | taking damage. [demonic ancestry]
   290 | D:1      | Reached XP level 2. HP: 11/24 MP: 2/2
   954 | D:2      | Reached XP level 3. HP: 29/29 MP: 3/3
  1012 | D:2      | Found a faded altar of an unknown god.
  1563 | D:2      | Found a sacrificial altar of Ru.
  1939 | D:3      | Reached XP level 4. HP: 25/36 MP: 4/4
  2054 | D:3      | Reached ** piety under Trog
  2711 | D:3      | Noticed a black bear
  2722 | D:3      | Mangled by a black bear

Illustrated notes

Levels and vault maps discovered:
D:1:      saegor_arrival_simple_b, layout_rooms
D:2:      layout_loops_ring, ebering_ecumenical_altar_hall, basic_altar,
          grunt_ministairs_12, minmay_close_crescents
D:3:      layout_loops_cross

Skill      XL: |  1  2 |
---------------+-------+-----
Armour         | 2 |  2.7
Dodging        | 2 |  2.6
Axes           | 3 |  3.4
Fighting       | |  3.7
Throwing       | |  0.2

Action                   |  1- 3 |  4- 6 || total
-------------------------+-------+-------++-------
Melee: Hand axe          |   126 |    60 ||   186
Throw: Dart              |       |     6 ||     6
Invok: Berserk           |     1 |     1 ||     2
       Trog's Hand       |       |     2 ||     2
  Use: Scroll            |     2 |       ||     2
       Potion            |     1 |       ||     1
 Stab: Sleeping          |     1 |       ||     1
Armor: Animal skin       |    14 |       ||    14
       Plate armour      |    76 |    53 ||   129
Dodge: Dodged            |    48 |    23 ||    71

Table legend: (Time is in decaauts)
 A = Elapsed time spent in this place.
 B = Non-inter-level travel time spent in this place.
 C = Inter-level travel time spent in this place.
 D = Time resting spent in this place.
 E = Time spent auto-exploring this place.
 F = Levels seen in this place.
 G = Mean time per level.
                   A        B        C        D        E       F      G
               +--------+--------+--------+--------+--------+-----+--------+
         Total |   2765 |   2729 |     36 |    211 |   2069 |   3 |  921.7 |
       Dungeon |   2765 |   2729 |     36 |    211 |   2069 |   3 |  921.7 |
               +--------+--------+--------+--------+--------+-----+--------+

Top non-repeatable levels by time:
     D:2: 1172 daAuts
     D:3: 821 daAuts
     D:1: 771 daAuts
